 Dungeon Crawl Stone Soup version 0.16-a0-3873-g452e4d5 (console) character file.

12003 Monkaria the Severer (level 11, -4/86 (88) HPs)
             Began as a Hill Orc Fighter on Feb 1, 2015.
             Was an Elder of Makhleb.
             Slain by a blink frog (9 damage)
             ... led by Prince Ribbit
             ... on level 1 of the Lair of Beasts.
             The game lasted 00:23:51 (12164 turns).

Monkaria the Severer (Hill Orc Fighter)            Turns: 12164, Time: 00:23:52

HP:   -4/86 (88)    AC: 12    Str: 25    XL:     11   Next: 86%
MP:   28/28         EV: 10    Int:  8    God:    Makhleb [****..]
Gold: 867           SH:  0    Dex: 14    Spells: 0 memorised, 10 levels left

rFire  + . .     SeeInvis .     l - +0 battleaxe
rCold  . . .     Clarity  .     w - +2 scale mail {rF+}
rNeg   . . .     SustAb   .     (no shield)
rPois  .         Gourm    .     (no helmet)
rElec  .         Spirit   .     (no cloak)
rCorr  .         Warding  .     (no gloves)
rMut   .         Stasis   .     (no boots)
MR     .....                    U - amulet of faith
Stlth  ..........               K - +2 ring of strength
                                s - +4 ring of dexterity

@: not resistant to hostile enchantments, extremely unstealthy
A: thin metallic scales 1, high mp 1
a: Minor Destruction, Lesser Servant of Makhleb, Major Destruction, Renounce
Religion


You were on level 1 of the Lair of Beasts.
You worshipped Makhleb.
Makhleb was greatly pleased with you.
You were hungry.

You visited 3 branches of the dungeon, and saw 13 of its levels.

You collected 867 gold pieces.

Inventory:

Hand weapons
 l - a +0 battleaxe (weapon)
 N - a +0 blowgun
 Y - a +1 scimitar of flaming
Missiles
 F - 7 curare-tipped needles
 G - 40 poisoned needles
Armour
 w - a +2 scale mail of fire resistance (worn)
Jewellery
 f - an uncursed ring of sustain abilities
 s - a +4 ring of dexterity (left hand)
 K - a +2 ring of strength (right hand)
 U - an amulet of faith (around neck)
Magical devices
 o - a wand of lightning (3)
 H - a wand of hasting (2)
 R - a wand of draining (0)
Scrolls
 i - 7 scrolls of remove curse
 r - a scroll of blinking
 t - 8 scrolls of teleportation
 X - a scroll of immolation {unknown}
 Z - a scroll of holy word {unknown}
Potions
 b - 4 potions of curing
 e - 2 potions of might
 h - a potion of haste
 n - 5 potions of agility
 z - 2 potions of heal wounds
 D - a potion of lignification
Books
 c - a Grand Grimoire {highlevel, unknown}

   This book is beyond your current level of understanding.

   Spells                             Type                      Level
   a - Aura of Abjuration             Summoning                    6
   b - Summon Greater Demon           Summoning                    7
   c - Malign Gateway                 Summoning/Translocation      7
   d - Summon Horrible Things         Summoning                    8
Miscellaneous
 S - a plain deck of summoning
 W - a lamp of fire
Comestibles
 a - 10 chunks of flesh
 d - 4 meat rations


   Skills:
 - Level 5.3 Fighting
 - Level 16.6 Axes
 - Level 9.0 Armour
   Level 3.2 Shields
 + Level 12.2 Invocations


You had 10 spell levels left.
You didn't know any spells.

Dungeon Overview and Level Annotations

Branches:
Dungeon (11/15)            Temple (1/1) D:6            Lair (1/8) D:9
    Orc: D:9-12

Altars:
Ashenzari
Cheibriados
Dithmenos
Elyvilon
Fedhas
Gozag
Kikubaaqudgha
Makhleb
Nemelex Xobeh
Okawaru
Qazlal
Ru
Sif Muna
Trog
Vehumet
Xom
Yredelemnul
Zin
The Shining One

Shops:
D:7 }


Innate Abilities, Weirdness & Mutations

You are partially covered in thin metallic scales (AC +2).
You have an increased reservoir of magic (+10% MP).


Message History

The blink frog is lightly wounded.
You feel slightly more hungry.
The blink frog blinks!
Your blizzard demon misses the blink frog.
The blink frog momentarily phases out as your blizzard demon's attack passes through it.
The blink frog hits you!
* * * LOW HITPOINT WARNING * * *
The blink frog momentarily phases out as your attack passes through it.
The blink frog is lightly wounded.
The blink frog hits you.
* * * LOW HITPOINT WARNING * * *
The blink frog momentarily phases out as your attack passes through it.
The blink frog is lightly wounded.
The blink frog blinks!
The blink frog hits you!
* * * LOW HITPOINT WARNING * * *
The blink frog blinks!
The blink frog hits you.
* * * LOW HITPOINT WARNING * * *
Your blizzard demon completely misses the blink frog. x2
The blink frog hits you!
You die...

... ......... ≈≈≈ ......
... ≈≈ #....# ≈≈ #....##
.. ##.....## >.
####.....#.###### .≈≈
.................. ≈≈≈≈
................... ≈≈≈≈
..........F@.........
≈≈≈≈............2F........
≈≈. #.######.#########.
.#######.##.#.#######
......................
.....................
...†.................
.....................
#P##.##.#.####.#####


You could see 2 blink frogs and a friendly blizzard demon.

Vanquished Creatures
  2 hill giants (D:10)
  2 spiny frogs (Lair:1)
  4 centaur skeletons (D:11)
  An efreet (D:11)
  A komodo dragon (Lair:1)
  A troll (D:9)
  A fire drake (D:9)
  A spriggan (D:7)
  17 yaks
  Eustachio (D:7)
  3 hippogriffs
  2 hungry ghosts
  Edmund (D:7)
  Menkaure (D:5)
  2 orc warriors
  2 porcupines (Lair:1)
  A necrophage (D:6)
  3 sky beasts
  3 water moccasins
  A phantom (D:7)
  5 ogres
  A wasp (D:9)
  3 ice beasts
  4 centaurs
  A big kobold (D:6)
  Sigmund (D:5)
  Duvessa (D:5)
  A crocodile (Lair:1)
  8 giant frogs
  Blork the orc (D:6)
  5 scorpions
  2 water moccasin skeletons
  4 wights (D:8)
  2 crimson imps
  4 giant frog skeletons
  Dowan (D:5)
  A goliath beetle (D:8)
  A quasit (D:8)
  2 orc priests
  4 orc wizards
  3 hounds
  An iguana (D:4)
  2 jellies
  5 worker ants
  A mummy (D:10)
  A spectral worker ant (D:11)
  A worker ant zombie (D:10)
  9 adders
  3 shadow imps
  2 giant mites
  4 worms
  An adder zombie (D:7)
  A giant gecko (D:7)
  4 oozes
  21 orcs
  A ball python (D:5)
  2 bat skeletons (D:4)
  10 goblins
  13 hobgoblins
  11 jackals
  16 kobolds
  3 quokkas (D:5)
  22 bats
  6 giant cockroaches
  A giant gecko zombie (D:7)
  9 giant newts
  2 goblin skeletons (D:8)
  A goblin zombie (D:8)
  2 hobgoblin zombies (D:8)
  A kobold skeleton (D:8)
  A kobold zombie (D:8)
  4 orc zombies
  2 quokka skeletons
  20 rats
288 creatures vanquished.

Vanquished Creatures (collateral kills)
  A blink frog (Lair:1)
  Prince Ribbit (Lair:1)
2 creatures vanquished.

Vanquished Creatures (others)
  A shadow imp (D:9)
1 creature vanquished.

Grand Total: 291 creatures vanquished

Notes
Turn   | Place    | Note
--------------------------------------------------------------
     0 | D:1      | Monkaria, the Hill Orc Fighter, began the quest for the Orb.
     0 | D:1      | Reached XP level 1. HP: 19/19 MP: 1/1
    53 | D:1      | Reached skill level 4 in Fighting
    53 | D:1      | Reached XP level 2. HP: 9/27 MP: 2/2
   802 | D:1      | Reached XP level 3. HP: 33/33 MP: 3/3
  1411 | D:2      | Reached XP level 4. HP: 22/41 MP: 4/4
  2025 | D:2      | Reached skill level 5 in Axes
  2769 | D:3      | Reached XP level 5. HP: 47/47 MP: 5/5
  3021 | D:3      | Noticed an ogre
  3028 | D:3      | Gained mutation: You have an increased reservoir of magic (+10% MP). [potion of beneficial mutation]
  3073 | D:3      | Killed an ogre
  3073 | D:3      | Reached skill level 5 in Fighting
  3073 | D:3      | Reached skill level 6 in Axes
  3359 | D:3      | Found a sacrificial altar of Ru.
  3499 | D:3      | Reached XP level 6. HP: 56/56 MP: 6/6
  3888 | D:4      | Reached skill level 7 in Axes
  4132 | D:4      | Found a shadowy altar of Dithmenos.
  4212 | D:4      | Reached skill level 8 in Axes
  4212 | D:4      | Reached XP level 7. HP: 38/61 MP: 7/7
  4442 | D:5      | Entered Level 5 of the Dungeon
  4456 | D:5      | Found a white marble altar of Elyvilon.
  4491 | D:5      | Noticed Menkaure
  4503 | D:5      | Killed Menkaure
  4503 | D:5      | Reached skill level 9 in Axes
  4754 | D:5      | Reached skill level 10 in Axes
  4786 | D:5      | Gained mutation: You are partially covered in thin metallic scales (AC +2). [mutagenic meat]
  4821 | D:5      | Noticed Dowan
  4850 | D:5      | Killed Dowan
  4850 | D:5      | Reached XP level 8. HP: 50/68 MP: 8/8
  4987 | D:5      | Noticed Sigmund
  4994 | D:5      | Killed Sigmund
  4994 | D:5      | Reached skill level 11 in Axes
  5035 | D:5      | Noticed Duvessa
  5051 | D:5      | Killed Duvessa
  5419 | D:6      | Reached skill level 12 in Axes
  5464 | D:6      | Found a staircase to the Ecumenical Temple.
  5474 | Temple   | Entered the Ecumenical Temple
  5622 | Temple   | Became a worshipper of Makhleb the Destroyer
  5728 | D:6      | Noticed Blork the orc
  5737 | D:6      | Killed Blork the orc
  5899 | D:6      | Reached skill level 13 in Axes
  6402 | D:6      | Reached XP level 9. HP: 64/72 MP: 9/9
  6972 | D:6      | Noticed a seven-headed hydra
  7346 | D:6      | Reached skill level 5 in Armour
  7745 | D:7      | Acquired Makhleb's first power
  7758 | D:7      | Found Breosyth's Gadget Shoppe.
  7806 | D:7      | Found a shattered altar of Ashenzari.
  8041 | D:7      | Noticed Edmund
  8062 | D:7      | Killed Edmund
  8264 | D:7      | Noticed Eustachio
  8285 | D:7      | Killed Eustachio
  8493 | D:8      | Found a glowing golden altar of the Shining One.
  8536 | D:8      | Acquired Makhleb's second power
  8555 | D:8      | Reached XP level 10. HP: 73/79 MP: 11/11
  8627 | D:8      | Reached skill level 14 in Axes
  9173 | D:9      | Reached skill level 15 in Axes
  9540 | D:9      | Found a staircase to the Lair.
  9894 | D:9      | Acquired Makhleb's third power
 10176 | D:10     | Entered Level 10 of the Dungeon
 10198 | D:10     | Noticed a hill giant
 10204 | D:10     | Killed a hill giant
 10204 | D:10     | Reached skill level 16 in Axes
 10242 | D:10     | Reached skill level 1 in Invocations
 10519 | D:10     | Reached XP level 11. HP: 86/86 MP: 19/19
 10611 | D:10     | Noticed a hill giant
 10618 | D:10     | Killed a hill giant
 10899 | D:11     | Acquired Makhleb's fourth power
 11371 | D:11     | Reached skill level 10 in Invocations
 11706 | Lair:1   | Entered Level 1 of the Lair of Beasts
 11976 | Lair:1   | Acquired Makhleb's fifth power
 12148 | Lair:1   | Noticed Prince Ribbit
 12157 | Lair:1   | Killed Prince Ribbit
 12164 | Lair:1   | Slain by a blink frog

Action                   |  1- 3 |  4- 6 |  7- 9 | 10-12 || total
-------------------------+-------+-------+-------+-------++-------
Melee: War axe           |   115 |   215 |   267 |    16 ||   613
       Battleaxe         |       |       |   109 |   335 ||   444
Invok: Minor Destruction |       |       |       |     1 ||     1
       Greater Servant o |       |       |       |     1 ||     1
Evoke: Wand              |       |       |       |     5 ||     5
  Use: Scroll            |       |     6 |    14 |     6 ||    26
       Potion            |       |     1 |     1 |     1 ||     3
  Eat: Chunk             |       |    11 |    13 |    13 ||    37
       Royal jelly       |       |       |     1 |       ||     1
